Map: Acid Plant LE

Players

sOs

  • Race: Protoss Protoss
  • Spawn Location: 11:00

Stats - Winner!

  • Race: Protoss Protoss
  • Spawn Location: 5:00

Event: 2018 WCS Global Finals

VOD

Have the link to the VOD?

Description

Time

  • Played on: Nov. 3, 2018, 4:28 p.m.
  • Length: 9:57

All games in this series

Show
View Real Time Build Order
Export as new Build Order

sOs Protoss 

Build Orders: Blink Stalkers, Zealot Archon 

Get SALT Encoding   

  12  0:00  Probe  
  13  0:12  Probe  
  14  0:17  Pylon  
  14  0:23  Probe  
  15  0:32  Probe  
  15  0:36  Gateway  
  15  0:40  Probe  
  16  0:45  Assimilator  
  17  0:50  Probe  
  17  0:54  Assimilator  
  18  0:58  Probe  
  19  1:06  Probe, Gateway  
  20  1:17  Probe  
  20  1:24  Cybernetics Core  
  21  1:29  Probe  
  22  1:34  Pylon  
  22  1:41  Probe  
  23  1:53  Probe  
  24  2:00  Stalker, Sentry  
  24  2:01  Warp Gate  
  28  2:10  Pylon  
  28  2:27  Adept  
  30  2:30  Adept  
  31  2:40  Twilight Council  
  31  2:46  Blink  
  31  2:55  Nexus  
  31  3:02  Probe  
  32  3:18  Stalker  
  34  3:22  Probe  
  35  3:27  Stalker  
  37  3:34  Pylon  
  37  3:39  Probe  
  38  3:51  Probe  
  39  4:03  Probe  
  39  4:05  Stalker  
  39  4:06  Stalker  
  44  4:13  Robotics Facility  
  44  4:15  Probe  
  45  4:26  Probe  
  45  4:27  Probe  
  45  4:33  Stalker x2  
  45  4:37  Probe  
  49  4:40  Probe  
  49  4:45  Probe  
  51  4:52  Probe  
  51  4:56  Probe  
  51  4:58  Forge  
  51  4:59  Pylon  
  52  5:04  Probe, Observer  
  52  5:05  Probe  
  54  5:11  Phoenix  
  54  5:13  Probe  
  55  5:16  Probe  
  55  5:20  Protoss Ground Weapons Level 1  
  57  5:22  Assimilator x2, Charge  
  57  5:23  Probe  
  57  5:25  Immortal  
  57  5:28  Probe  
  63  5:38  Probe  
  63  5:40  Pylon, Probe  
  65  5:49  Gateway  
  65  5:55  Gateway  
  65  5:58  Gateway  
  65  6:01  Immortal, Gateway  
  69  6:16  Templar Archives  
  69  6:23  Gateway  
  69  6:25  Gateway  
  69  6:31  Zealot x2  
  73  6:37  Pylon  
  73  6:42  Warp Prism  
  75  6:47  Pylon  
  75  6:53  Pylon  
  75  6:57  High Templar  
  75  6:58  High Templar x3, Zealot  
  85  7:02  Archon x2  
  85  7:05  Pylon  
  85  7:07  Zealot  
  87  7:27  High Templar x2  
  87  7:28  Zealot x2  
  95  7:31  Zealot x4  
  95  7:32  Archon  
  95  7:34  Pylon  
  95  7:37  Observer  
  103  7:45  Pylon  
  103  7:59  High Templar x2  
  103  8:00  Zealot x5  
  103  8:04  Archon  
  117  8:13  Pylon  
  117  8:19  Zealot  
  119  8:26  Warp Prism  
  105  8:28  Zealot x5  
  105  8:34  Zealot x6  
  81  8:49  High Templar x2  
  81  8:53  Archon  
  81  8:54  High Templar x2  
  81  8:55  Zealot x4  
  95  8:59  Archon  
  97  9:21  Zealot x6  
  93  9:27  Zealot x2  
  73  9:41  High Templar x2  
  73  9:42  Zealot x3  
  73  9:44  Zealot  
  76  9:46  Archon  
  76  9:51  Zealot x2  
Show
View Real Time Build Order
Export as new Build Order

Stats Protoss - Winner!

Build Orders: Phoenix Opening, Blink Stalkers, Zealot Archon 

Get SALT Encoding   

  12  0:00  Probe  
  13  0:12  Probe  
  14  0:18  Pylon  
  14  0:24  Probe  
  15  0:32  Probe  
  15  0:36  Gateway  
  15  0:40  Probe  
  16  0:46  Assimilator  
  17  0:51  Probe  
  17  0:54  Assimilator  
  18  0:59  Probe  
  19  1:07  Probe, Gateway  
  19  1:17  Probe  
  20  1:24  Cybernetics Core  
  21  1:29  Probe  
  22  1:35  Pylon  
  22  1:41  Probe  
  23  1:53  Probe  
  24  2:01  Stalker, Warp Gate, Sentry  
  28  2:10  Pylon  
  28  2:31  Stalker x2  
  32  2:38  Twilight Council  
  31  2:54  Blink  
  31  3:01  Nexus  
  31  3:06  Phoenix  
  31  3:19  Stalker  
  33  3:24  Stalker  
  35  3:28  Probe  
  36  3:39  Pylon  
  36  3:40  Probe  
  37  3:50  Pylon  
  37  3:52  Probe  
  38  4:01  Robotics Facility  
  38  4:06  Probe  
  39  4:11  Probe  
  39  4:14  Shield Battery, Probe  
  40  4:20  Probe  
  40  4:22  Probe  
  42  4:31  Probe  
  42  4:33  Probe  
  44  4:43  Probe  
  44  4:45  Probe  
  46  4:49  Observer  
  47  4:54  Pylon  
  47  4:55  Assimilator, Forge  
  47  4:56  Sentry x2  
  47  4:57  Probe  
  47  4:58  Probe  
  47  4:59  Assimilator  
  53  5:00  Immortal  
  53  5:06  Probe  
  53  5:10  Protoss Ground Weapons Level 1  
  53  5:11  Probe  
  53  5:13  Phoenix  
  59  5:15  Probe  
  59  5:18  Shield Battery  
  60  5:23  Probe  
  60  5:24  Probe  
  62  5:33  Pylon  
  62  5:35  Probe  
  63  5:36  Probe  
  68  5:42  Immortal  
  68  5:43  Phoenix  
  68  5:47  Probe  
  69  5:52  Gateway  
  69  5:57  Gateway  
  69  6:03  Gateway  
  52  6:04  Charge  
  69  6:12  Templar Archives  
  69  6:14  Gateway  
  69  6:23  Immortal  
  73  6:29  Phoenix  
  73  6:34  Gateway x2  
  73  6:38  Pylon  
  73  6:39  Pylon  
  73  6:44  Protoss Ground Weapons Level 2  
  73  6:48  Pylon  
  73  6:56  High Templar x3  
  73  6:57  High Templar  
  73  6:59  Pylon  
  81  7:01  Warp Prism, Archon  
  81  7:02  Archon  
  83  7:10  Observer  
  83  7:17  Pylon  
  83  7:33  Observer  
  83  7:34  Zealot x8  
  99  7:52  Pylon  
  99  7:57  High Templar x2  
  103  7:58  Zealot x5  
  103  8:01  Archon  
  103  8:04  Zealot  
  114  8:06  Observer  
  115  8:16  Pylon x2  
  115  8:21  Zealot x2  
  115  8:22  Zealot  
  115  8:26  Zealot  
  113  8:30  Zealot x2  
  93  8:34  Zealot  
  93  8:39  Zealot  
  89  8:49  High Templar x4  
  89  8:53  Archon  
  89  8:54  Zealot x2, Archon  
  101  8:56  Zealot  
  101  8:59  Zealot  
  93  9:26  Zealot x2  
  93  9:27  Zealot x3  
  89  9:31  Zealot x3  
Tags
 
Add a new tag
Caveats
  • Supply blocks, unpowered buildings, or Contaminate may cause inaccurate times.
  • Supply counts are checked every 10 seconds.